 Dungeon Crawl Stone Soup version 0.29.0-4-gdea44cf6ec (webtiles) character file.

Game seed: 1331525230757879162

35 qw the Chopper (level 3, 0/21 HPs)
             Began as a Tengu Warper on Aug 28, 2022.
             Succumbed to their own poison gas
             ... on level 1 of the Dungeon.
             The game lasted 00:00:07 (1298 turns).

qw the Chopper (Tengu Warper)                       Turns: 1298, Time: 00:00:07

Health: 0/21       AC:  8    Str: 13    XL:     3   Next: 33%
Magic:  7/7        EV:  6    Int: 13    God:
Gold:   89         SH:  0    Dex: 13    Spells: 6/6 levels left

rFire   . . .      SeeInvis .   Y - +0 hand axe
rCold   . . .      Faith    .   (no shield)
rNeg    . . .      Spirit   .   o - +0 chain mail
rPois   .          Reflect  .   (helmet restricted)
rElec   .          Harm     .   (no cloak)
rCorr   .          Rampage  .   (no gloves)
Will    .....                   (boots unavailable)
Stlth   ..........              (no amulet)
HPRegen 0.07/turn               (no ring)
MPRegen 0.10/turn               (no ring)

@: lethally poisoned (0 -> 0)
A: beak, talons 3
a: no special abilities


You were on level 1 of the Dungeon.
You visited 1 branch of the dungeon, and saw 1 of its levels.

You collected 89 gold pieces.


Innate Abilities, Weirdness & Mutations

You have a beak for a mouth.
You have claws for feet.


   Skills:
 - Level 2.0 Fighting
 + Level 4.0 Axes
 - Level 1.0 Throwing
 - Level 1.1 Armour
 - Level 2.1 Dodging
 - Level 2.0 Spellcasting
 - Level 2.4 Translocations


You had 6 spell levels left.
You didn't know any spells.
Your spell library contained the following spells:

 Spells                   Type           Power      Damage    Failure   Level
 Blink                    Tloc           14%        N/A       99%         2
 Gell's Gravitas          Tloc           7%         N/A       100%        3
 Lesser Beckoning         Tloc           7%         N/A       100%        3
 Teleport Other           Tloc           7%         N/A       100%        3
 Manifold Assault         Tloc           7%         N/A       100%        5

Inventory:

Hand Weapons
 f - a +0 club
 Y - a +0 hand axe (weapon)
Armour
 o - a +0 chain mail (worn)
Potions
 g - a potion of magic {unknown}
 i - a potion of haste {unknown}
 n - a potion of curing {unknown}
 p - a potion of ambrosia {unknown}

Dungeon Overview and Level Annotations

Branches:
Dungeon (1/15)

Altars:


Message History

Done exploring.
1287 ||| READING scroll labelled IFUM MEPAGOTIN.
The air fills with toxic fumes!
As you read the scroll labelled IFUM MEPAGOTIN, it crumbles to dust.
It was a scroll of poison.
Done exploring.
1288 ||| READING scroll labelled KAIPTUG ECILA.
As you read the scroll labelled KAIPTUG ECILA, it crumbles to dust.
It is a scroll of enchant armour.
Really abort (and waste the scroll)?
Done exploring.
1289 ||| DROPPING scroll of blinking.
You drop a scroll of blinking.
Done exploring.
(D) Dungeon
Where to? (* - list waypoints, ? - help)
What level of the Dungeon? (default 1, ? - help) Sorry, I don't know how to get there.
Done exploring.
1290 ||| Stepping randomly (stuck).
Really walk into that cloud of poison gas?
You are engulfed in poison gas.
You are poisoned.
You feel very sick.
1291 ||| Stepping ~*~*~tactically~*~*~ (cloud).
You feel very sick.
Things that are here:
a scroll of blinking; a +0 ring mail; a +0 leather armour
There is a lethal amount of poison in your body!
You feel sick.
There is a lethal amount of poison in your body!
You feel sick.
There is a lethal amount of poison in your body!
You feel sick.
There is a lethal amount of poison in your body!
You feel sick.
There is a lethal amount of poison in your body!
You feel sick.
There is a lethal amount of poison in your body!
You feel sick.
There is a lethal amount of poison in your body!
You die...

#........############......
#.#..##..# #......###
#.#......# #.##.#.#
#.##.##.## #.##.#.#
#.##.##.# #.##.#.# #.......#
#.##.#.# #####)##########
#......# #.......##¤¤¤00#
####.#####
#.###.#.##¤@.00### #.##...
#.###.#.##¤¤0¤000#####.#....
#.##..#.##0.¤0¤#¤00.........
#.##.##.##¤00.0######..#####
#.##.##.######## #.##
#.......# #.# ####.#### #.#
#.# ######## #.######
#.######......# #......#


There were no monsters in sight!

Vanquished Creatures
  A dart slug (D:1)
  4 ball pythons (D:1)
  2 endoplasms (D:1)
  A giant cockroach (D:1)
  5 goblins (D:1)
  6 hobgoblins (D:1)
  2 quokkas (D:1)
  2 bats (D:1)
  4 kobolds (D:1)
  A rat (D:1)
28 creatures vanquished.

Notes
Turn   | Place    | Note
-------+----------+-------------------------------------------
     0 | D:1      | qw the Tengu Warper began the quest for the Orb.
     0 | D:1      | Reached XP level 1. HP: 12/12 MP: 4/4
     0 | D:1      | 0 ||| qw: Version: 0.1-a-89-g26bdef1
     0 | D:1      | 0 ||| qw: Game counter: 1956
     0 | D:1      | 0 ||| qw: Always use a shield: true
     0 | D:1      | 0 ||| qw: God list: Okawaru
     0 | D:1      | 0 ||| qw: Allow faded altars: false
     0 | D:1      | 0 ||| qw: Do Orc after D:15 true
     0 | D:1      | 0 ||| qw: Do second Lair branch before Depths: true
     0 | D:1      | 0 ||| qw: Lair rune preference: random
     0 | D:1      | 0 ||| qw: Plans: Normal
     0 | D:1      | 0 ||| PLANNING D:1-11
   137 | D:1      | Reached XP level 2. HP: 15/17 MP: 6/6
   199 | D:1      | 199 ||| Stepping ~*~*~tactically~*~*~ (stealth).
   203 | D:1      | Reached skill level 3 in Axes
   208 | D:1      | 208 ||| Stepping ~*~*~tactically~*~*~ (hiding).
   408 | D:1      | 408 ||| Stepping ~*~*~tactically~*~*~ (stealth).
   423 | D:1      | Reached XP level 3. HP: 15/21 MP: 7/7
   924 | D:1      | Reached skill level 4 in Axes
  1134 | D:1      | 1134 ||| UPGRADING to +0 ring mail.
  1144 | D:1      | 1144 ||| DROPPING +0 leather armour.
  1145 | D:1      | 1145 ||| UPGRADING to +0 chain mail.
  1155 | D:1      | 1155 ||| DROPPING +0 ring mail.
  1156 | D:1      | 1156 ||| READING scroll labelled NOIDDI QOADONN.
  1157 | D:1      | 1157 ||| READING scroll labelled FILU IPOGH.
  1285 | D:1      | 1285 ||| READING scroll labelled RIAGUXKINTE.
  1286 | D:1      | 1286 ||| READING scroll labelled WYRAOF XYRIUFFOIRA.
  1287 | D:1      | 1287 ||| READING scroll labelled IFUM MEPAGOTIN.
  1288 | D:1      | 1288 ||| READING scroll labelled KAIPTUG ECILA.
  1289 | D:1      | 1289 ||| DROPPING scroll of blinking.
  1290 | D:1      | 1290 ||| Stepping randomly (stuck).
  1291 | D:1      | 1291 ||| Stepping ~*~*~tactically~*~*~ (cloud).
  1294 | D:1      | HP: 4/21 [poisoned by you (poison gas)]
  1297 | D:1      | HP: 1/21 [poisoned by you (poison gas)]
  1298 | D:1      | Succumbed to their own poison gas

Levels and vault maps discovered:
D:1:      dpeg_arrival_ternary, layout_loops_cross

Skill      XL: |  1  2  3 |
---------------+----------+-----
Axes           | 3 4 |  4.0
Fighting       | |  2.0
Throwing       | |  1.0
Armour         | |  1.1
Dodging        | |  2.1
Spellcasting   | |  2.0
Translocations | |  2.4

Action                   || total
-------------------------++-------
Melee: Hand axe          ||    68
       Kick              ||    13
       Peck              ||     8
Throw: Boomerang         ||     7
  Use: Scroll            ||     6
Armor: Leather armour    ||    15
Dodge: Dodged            ||    24

Table legend:
 A = Non-vault XP
 B = Vault XP
 C = Vault XP percentage of total XP
 D = Non-vault monster count
 E = Vault monster count
 F = Vault count percentage of total count
                 A         B        C        D         E       F
            +---------+---------+-------+---------+---------+-------
      Total |      50 |       0 |   0.0 |      28 |       0 |   0.0
            +---------+---------+-------+---------+---------+-------
        D:1 |      50 |       0 |   0.0 |      28 |       0 |   0.0
            +---------+---------+-------+---------+---------+-------
